 Dungeon Crawl Stone Soup version 0.17-a0-1951-g62301d3 (webtiles) character file.

46 Ordine the Twirler (level 3, 17/30 HPs)
             Began as a Minotaur Gladiator on Oct 3, 2015.
             Quit the game on level 2 of the Dungeon.
             The game lasted 00:02:24 (835 turns).

Ordine the Twirler (Minotaur Gladiator)              Turns: 835, Time: 00:02:25

Health: 17/30      AC:  1    Str: 19    XL:     3   Next: 46%
Magic:  2/2        EV: 12    Int:  7    God:
Gold:   44         SH:  0    Dex: 11    Spells: 0 memorised, 2 levels left

rFire  . . .     SeeInvis .     a - +0 quarterstaff
rCold  . . .     Clarity  .     b - +0 leather armour
rNeg   . . .     SustAt   .     (no shield)
rPois  .         Gourm    .     c - +0 hat
rElec  .         Spirit   .     (no cloak)
rCorr  .         Warding  .     (no gloves)
rMut   .         Stasis   .     (no boots)
MR     .....                    (no amulet)
Stlth  +.........               (no ring)
                                (no ring)

@: not resistant to hostile enchantments, very unstealthy
A: retaliatory headbutt, horns 2, clever 1, deformed body, deterioration 1
a: no special abilities


You were on level 2 of the Dungeon.
You were not hungry.

You visited 1 branch of the dungeon, and saw 2 of its levels.

You collected 44 gold pieces.

Inventory:

Hand weapons
 a - a +0 quarterstaff (weapon)
Missiles
 d - 3 throwing nets (quivered)
Armour
 b - a +0 leather armour (worn)
 c - a +0 hat (worn)
 f - a troll hide
Scrolls
 g - a scroll of recharging
 k - a scroll of blinking
Potions
 i - a potion of curing
Comestibles
 e - 2 bread rations
 h - 6 chunks of flesh
 j - a meat ration


   Skills:
 - Level 2.4 Fighting
 + Level 5.5 Staves
 - Level 2.0 Throwing
 - Level 3.2 Dodging


You had 2 spell levels left.
You didn't know any spells.

Dungeon Overview and Level Annotations

Branches:
Dungeon (2/15)

Altars:
Xom


Innate Abilities, Weirdness & Mutations

You reflexively headbutt those who attack you in melee.
You have a pair of horns on your head.
Your mind is acute. (Int +2)
Armour fits poorly on your strangely shaped body.
Your body sometimes deteriorates upon taking damage.


Message History

You kill the hobgoblin!
No target in view!
No target in view!
No target in view!
l - a wand of random effects
There is a shimmering altar of Xom here.
Drop what? 12/52 slots (_ for help) (? for menu, Esc to quit)
You drop a wand of random effects.
You now have 41 gold pieces (gained 11).
You now have 44 gold pieces (gained 3).
l - a scroll of identify
m - an amethyst potion Read which item? (? for menu, Esc to quit)
Identify which item? (\ to view known items) (? for menu, Esc to quit)
As you read the scroll of identify, it crumbles to dust.
m - a potion of mutation Drink which item? (? for menu, Esc to quit)
You feel extremely strange.
You feel yourself wasting away.
Your body twists and deforms.
You feel clever.
Are you sure you want to abandon this character and quit the game? (Confirm with "yes".)

######.#####..........
#.....................
..####.###........#
...# #._......# ##.b#
#........# ...#
#.#......# ###.#
#........# #.#
###......# .> #....@.#
#......# ...#######
... ..


There were no monsters in sight!

Vanquished Creatures
  An adder (D:2)
  An ooze (D:2)
  2 worms (D:2)
  2 giant cockroaches (D:1)
  6 hobgoblins
  7 kobolds
  A bat (D:2)
  4 giant newts
  3 goblins
  3 rats
30 creatures vanquished.

Notes
Turn   | Place    | Note
--------------------------------------------------------------
     0 | D:1      | Ordine the Minotaur Gladiator began the quest for the Orb.
     0 | D:1      | Reached XP level 1. HP: 18/18 MP: 0/0
    27 | D:1      | Reached skill level 4 in Staves
   108 | D:1      | Reached XP level 2. HP: 15/25 MP: 1/1
   662 | D:2      | Reached skill level 5 in Staves
   695 | D:2      | Reached XP level 3. HP: 30/30 MP: 2/2
   811 | D:2      | Found a shimmering altar of Xom.
   834 | D:2      | Gained mutation: Your body sometimes deteriorates upon taking damage. [potion of mutation]
   834 | D:2      | Gained mutation: Armour fits poorly on your strangely shaped body. [potion of mutation]
   834 | D:2      | Gained mutation: Your mind is acute. (Int +2) [potion of mutation]
   835 | D:2      | Quit the game

Vault maps used:
D:1:      dpeg_arrival_tiny_f, moated_statue
D:2:      minmay_door_path, xom_butterflies, evilmike_ruin_ashenzari

Action                   || total
-------------------------++-------
Melee: Quarterstaff      ||    70
  Use: Scroll            ||     4
       Potion            ||     1
